 Dungeon Crawl Stone Soup version 0.24.1 (webtiles) character file.

Game seed: 4852790300064674057, levelgen mode: deterministic

27 Descartes the Grasshopper (level 2, -2/13 HPs)
             Began as a Felid Warper on Mar 25, 2020.
             Slain by a gnoll (6 damage)
             ... on level 2 of the Dungeon.
             The game lasted 00:03:16 (1102 turns).

Descartes the Grasshopper (Felid Warper)            Turns: 1102, Time: 00:03:17

Health: -2/13      AC:  1    Str:  7    XL:     2   Next: 93%
Magic:  6/6        EV: 18    Int: 14    God:
Gold:   40         SH:  0    Dex: 15    Spells: 1/5 levels left
                                        Lives:  0   Deaths: 0

rFire    . . .     SeeInvis +     - Unarmed
rCold    . . .     Gourm    .   (shield unavailable)
rNeg     . . .     Faith    .   (armour unavailable)
rPois    .         Spirit   .   (helmet unavailable)
rElec    .         Reflect  .   (cloak unavailable)
rCorr    .         Harm     .   (gloves unavailable)
MR       .....                  (boots unavailable)
Stlth    ++........             (no amulet)
HPRegen  0.04/turn              (no ring)
MPRegen  0.10/turn              (no ring)

@: quick
A: very small, no armour, no weapons or thrown items, stealth, claws 1, fangs 3,
see invisible, carnivore, speed 1, shaggy fur 1, slow metabolism 1, sharp paws
a: no special abilities


You were on level 2 of the Dungeon.
You were very full.

You visited 1 branch of the dungeon, and saw 2 of its levels.

You collected 40 gold pieces.

Inventory:

Missiles
 f - 25 stones
Scrolls
 b - a scroll of blinking
 d - a scroll of identify {unknown}
 g - a scroll of immolation {unknown}
 h - a scroll of remove curse {unknown}
Potions
 a - 3 potions of lignification {unknown}
 e - 2 potions of magic {unknown}
Comestibles
 c - 2 rations


   Skills:
 + Level 2.2 Fighting
 + Level 3.4 Dodging
 * Level 1.8 Stealth
 * Level 2.5 Unarmed Combat
 + Level 2.1 Spellcasting
 + Level 0.3 Charms
 + Level 4.4 Translocations


You had one spell level left.
You knew the following spells:

 Your Spells              Type           Power        Failure   Level  Hunger
a - Blink                 Tloc           N/A          5%          2    ###....
b - Shroud of Golubria    Chrm/Tloc      #.....       13%         2    ###....

Your spell library contained the following spells:

 Spells                   Type           Power        Failure   Level  Hunger
 Gell's Gravitas          Tloc           ##........   11%         3    ###....
 Lesser Beckoning         Tloc           ##........   11%         3    ###....
 Teleport Other           Tloc           ##......     11%         3    ###....
 Passage of Golubria      Tloc           N/A          36%         4    #####..


Dungeon Overview and Level Annotations

Branches:
Dungeon (2/15)

Altars:


Innate Abilities, Weirdness & Mutations

You cannot wear armour.
You are incapable of wielding weapons or throwing items.
Your paws allow you to move quietly. (Stealth)
You have sharp claws.
You have razor-sharp teeth.
You have supernaturally acute eyesight. (SInv)
You are carnivorous and can eat meat at any time.
You cover ground quickly.
You are covered in fur. (AC +1)
You have a slow metabolism.
Your sharp claws are effective at attacking unaware monsters.


Message History

The gnoll hits you with a +0 flail.
You scratch the gnoll.
The gnoll is heavily wounded.
The gnoll completely misses you. x2
You scratch the gnoll.
The gnoll is severely wounded.
The gnoll hits you with a +0 club. The gnoll closely misses you.
You closely miss the gnoll.
The gnoll is severely wounded.
The gnoll hits you with a +0 flail. The gnoll barely misses you.
The gnoll closely misses you.
You are too injured to fight recklessly!
The gnoll completely misses you.
You scratch the gnoll.
The gnoll is lightly wounded.
The gnoll hits you.
You scratch the gnoll but do no damage.
The gnoll is lightly wounded.
The gnoll hits you.
You die...

... ... ##..###.###### ..>
........# #.###...?..#
#..........#.
#.g.........#####
##.#######.##....
#############g###### ##.#.#
#..........@gg..(.... #.#.#
#.###########.####### #..#.
#.# .... #.##. #.# #####
#....
#.##########################
#...[..................รท....
#.##########################
#.# ###


You could see 3 gnolls.

Vanquished Creatures
  2 dart slugs (D:1)
  A giant cockroach (D:1)
  A goblin (D:1)
  7 hobgoblins (D:1)
  3 kobolds (D:1)
  5 bats
  A frilled lizard (D:2)
20 creatures vanquished.

Notes
Turn   | Place    | Note
-------+----------+-------------------------------------------
     0 | D:1      | Descartes the Felid Warper began the quest for the Orb.
     0 | D:1      | Reached XP level 1. HP: 9/9 MP: 4/4
   345 | D:1      | Reached skill level 1 in Stealth
   372 | D:1      | Reached XP level 2. HP: 12/13 MP: 6/6
   379 | D:1      | Learned a level 2 spell: Blink
   382 | D:1      | Learned a level 2 spell: Shroud of Golubria
  1102 | D:2      | Slain by a gnoll

Levels and vault maps discovered:
D:1:      nzn_arrival_crosshair, layout_basic
D:2:      layout_basic, chequers_ecumenical_altar_simple_redux,
          kennysheep_generic_room_12

Skill      XL: |  1 |
---------------+----+-----
Stealth        | 1 |  1.8
Fighting       | |  2.2
Dodging        | |  3.4
Unarmed Combat | |  2.5
Spellcasting   | |  2.1
Charms         | |  0.3
Translocations | |  4.4

Action                   || total
-------------------------++-------
Melee: Unarmed           ||    79
       Bite              ||     4
       Punch             ||     1
 Stab: Sleeping          ||     5
  Eat: Chunk             ||     6
Armor: Skin              ||     4
Dodge: Dodged            ||    55
